AoeStats
← VaporingCat7235

Arabia

510098258Analyzed
1v1 RM · 2d ago on Sep 29, 2026· 21m 53s· 2 players
Game mode
Random Map
Map size
Tiny (2 player)
Population
200
Speed
Normal
Resources
Standard
Victory
Conquest
Starting age
Dark Age
Ending age
Imperial Age
RankedLock teamsTeams togetherTeam positionsShared explorationLock speedFull tech treeHidden civsTurbo modeCheats
Victory
Defeat
🇺🇦 Inca · Ukraine
745
+17
🇪🇸 Franks · Spain
777
-43
VaporingCat7235
9:21 Loom
11:08 Feudal Age
14:19 Wheelbarrow
МАМУТ
9:42 Loom
12:44 Feudal Age
13:23 Double-Bit Axe
13:18 Horse Collar
14:51 Forging
14:42 Scale Mail Armor
Connection lost

Rejoining the realm…

Still unreachable

The connection could not be restored.

Session expired

The server has moved on; the page needs a fresh start.